 Dungeon Crawl Stone Soup version 0.22.1-1-ga44c0e5 (webtiles) character file.

139813 Markonkel the Warrior (level 16, -13/161 HPs)
             Began as a Minotaur Berserker on Sept 24, 2018.
             Was a High Priest of Trog.
             Engulfed by a ghost crab's spectral mist (15 damage)
             ... on level 4 of the Swamp on Sept 25, 2018.
             The game lasted 02:06:12 (37090 turns).

Markonkel the Warrior (Minotaur Berserker)         Turns: 37090, Time: 02:06:12

Health: -13/161    AC: 19    Str: 26    XL:     16   Next: 74%
Magic:  15/15      EV: 15    Int:  4    God:    Trog [*****.]
Gold:   791        SH:  6    Dex: 11    Spells: 15/15 levels left

rFire    . . .     SeeInvis .   F - +2 broad axe (elec)
rCold    . . .     Gourm    .   N - +0 buckler
rNeg     . . .     Faith    .   I - +1 plate armour {rPois} {rPois}
rPois    +         Spirit   .   (helmet restricted)
rElec    .         Reflect  .   U - +0 cloak
rCorr    .         Harm     .   Z - +1 pair of gloves
MR       +....                  O - +0 pair of boots
Stlth    ..........             R - amulet of regeneration
HPRegen  1.76/turn              E - +2 ring of protection
MPRegen  0.14/turn              K - ring of flight

@: vulnerable, corroded, berserk cooldown, starving, regenerating, slowed,
studying Fighting, very slow
A: retaliatory headbutt, horns 2, weak 1
a: Berserk, Trog's Hand, Brothers in Arms, Renounce Religion, Evoke Flight


You were on level 4 of the Swamp.
You worshipped Trog.
Trog was extremely pleased with you.
You were starving.

You visited 4 branches of the dungeon, and saw 27 of its levels.
You visited 1 bazaar.

You collected 2954 gold pieces.
You spent 2163 gold pieces at shops.

Inventory:

Hand Weapons
 a - the +4 war axe "Doaxoz" {freeze, rElec rPois rN+ Dex-2, w}
   (You found it on level 4 of the Lair of Beasts)

   It has been specially enchanted to freeze those struck by it, causing extra
   injury to most foes and up to half again as much damage against particularly
   susceptible opponents.
   It can also slow down cold-blooded creatures.
   It affects your dexterity (-2).
   It insulates you from electricity.
   It protects you from poison.
   It protects you from negative energy.
 F - a +2 broad axe of electrocution (weapon)
Missiles
 s - 6 throwing nets {=f}
 P - 215 bolts
 Q - 733 stones (quivered)
Armour
 C - a +2 shield of protection {AC+3}
 I - a +1 plate armour of poison resistance (worn) {rPois}
 N - a +0 buckler (worn)
 O - a +0 pair of boots (worn)
 U - a +0 cloak (worn)
 Z - a +1 pair of gloves (worn)
Jewellery
 y - an uncursed ring of resist corrosion {unknown}
 E - a +2 ring of protection (left hand)
 K - a ring of flight (right hand)
 R - an amulet of regeneration (around neck)
Wands
 j - a wand of iceblast (36)
 r - a wand of paralysis (26)
 D - a wand of digging (69)
 H - a wand of disintegration (26)
 W - a wand of acid (8)
 X - a wand of clouds (3)
Scrolls
 c - 10 scrolls of remove curse
 f - 3 scrolls of fog
 g - a scroll of fear
 i - 5 scrolls of identify
 l - 3 scrolls of enchant weapon
 o - 5 scrolls of immolation {!r}
 p - 2 scrolls of brand weapon
 t - 8 scrolls of teleportation
 v - 9 scrolls of enchant armour
 B - 3 scrolls of blinking {!r}
 G - a scroll of holy word {unknown}
 J - 3 scrolls of magic mapping {!r}
Potions
 b - 2 potions of magic
 d - 4 potions of might
 h - 6 potions of haste
 k - 10 potions of flight
 m - 4 potions of agility
 n - 2 potions of resistance
 q - 11 potions of curing
 x - 2 potions of cancellation
 z - 2 potions of berserk rage {!q}
 A - 4 potions of ambrosia
 L - 5 potions of brilliance
 M - 8 potions of heal wounds
 S - 2 potions of mutation {!q}
 T - 2 potions of lignification {!q}
 V - a potion of invisibility
Books
 w - a manual of Fighting {!d}
Miscellaneous
 Y - a phial of floods
Comestibles
 e - 43 rations


   Skills:
 + Level 19.4 Fighting
 + Level 17.1 Axes
 + Level 17.0 Armour
 + Level 15.7 Dodging
 + Level 10.4 Shields


You had 15 spell levels left.
You didn't know any spells.
Your spell library was empty.

Dungeon Overview and Level Annotations

Branches:
Dungeon (15/15)            Temple (0/1) D:4            Lair (6/6) D:8
  Swamp (4/4) Lair:2        Snake (0/4) Lair:3        Slime (0/5) Lair:5
    Orc (2/2) D:9             Elf (0/3) Orc:2        Vaults (0/5) D:14
 Depths (0/5) D:15

Altars:
Ashenzari
Cheibriados
Elyvilon
Gozag
Hepliaklqana
Nemelex Xobeh
Okawaru
Sif Muna
Wu Jian
Xom
Yredelemnul
The Shining One
Beogh
Jiyva

Shops:
D:3 *   D:8 (   Orc:1 }   Orc:2 !}*(

Annotations:
D:14 2 runed doors, Zebedee's ghost, journeyman FoVM
D:15 3 runed doors, Lovchig's ghost, journeyman DDFi
Swamp:4 exclusion: oklob plant


Innate Abilities, Weirdness & Mutations

You reflexively headbutt those who attack you in melee.
You have a pair of horns on your head.
You are weak. (Str -2)


Message History

The swamp dragon zombie bites your iron troll!
The swamp dragon zombie claws your iron troll.
The swamp dragon zombie tramples your iron troll but does no damage.
The bone dragon bites you but does no damage.
The bone dragon misses you.
The bone dragon tramples you but does no damage.
The phantasmal warrior hits you!!
* * * LOW HITPOINT WARNING * * *
The ghost crab breathes spectral mist at you.
The spectral mist engulfs you!
The ghost crab breathes spectral mist at you.
The spectral mist engulfs the bone dragon.
The swamp dragon zombie is destroyed!
You take 21 damage, and have 2/161 hp.
You hit the bone dragon but do no damage.
You hit the ghost crab. You hit the phantasmal warrior.
You slash the swamp dragon zombie!
Lightning courses through the swamp dragon zombie!
You are engulfed in spectral mist.
You die...

## ## ###§##..##
#ZnW.§....
##tDtv§§...
##W@#≈§.....
##§ZT####nW..
##§§§#### .§.
#≈≈§W.§§## § ###
#≈≈≈....§≈##
##≈≈
#P≈≈Z###≈..###
#≈≈≈ ##≈.≈
##....#######≈≈≈
##.≈
##......§##≈≈≈.
##.
###.§§§§#≈≈≈≈.


You could see a bone dragon, 2 ghost crabs, an oklob plant, a phantasmal
warrior, a spectral eight-headed hydra, a spectral four-headed hydra, a bog
body, 2 phantoms, an insubstantial wisp, a swamp dragon zombie and a friendly
iron troll (berserk).

Vault maps used:
D:1:      lightli_arrival_isolated_outpost
D:2:      serial_glass, glass_columns_c, glass_columns_a, glass_columns_a,
          glass_columns_c, glass_columns_b, glass_columns_c, glass_columns_b,
          glass_columns_a, supply_closet_lemuel, lemuel_another_geyser,
          uniq_natasha
D:3:      nicolae_overflow_crystal_walls, nicolae_gozag_zags_fifth_avenue
D:4:      old_standard_altar, kennysheep_mini, minmay_temple_entry_grid,
          first_ration, lemuel_blue_sif_altar
D:5:      minmay_tree_intersection
D:6:      kennysheep_little_box, lemuel_crystal_altar
D:7:      grunt_ogre_cave
D:8:      cheibriados_altar_1, lair_entry_dummy, serial_gnoll_camp,
          gnoll_camp_mini_loothouse, gnoll_camp_mini_shop, gnoll_camp_medium_01,
          gnoll_camp_mini_hut, gnoll_camp_mini_hut, jmf_multi_god_temple
D:9:      xom_teletrap_fun, chequers_temple_overflow_minitemple, erik_orc_4,
          eino_small_chamber_without_monster, wad_rectangle_vault, uniq_grum
D:11:     special_room, serial_shops, nicolae_shop_window_shopping,
          kennysheep_generic_room_11
D:12:     grunt_decor_fettered
D:14:     grunt_vaults_entry_fortified, muffindrake_ghost_dual_entry,
          minmay_misc_feat_diagonals, uniq_azrael, uniq_kirke
D:15:     gammafunk_depths_entry_grave, gammafunk_ghost_fury_of_okawaru
Lair:1:   infiniplex_staircase_pool_2, grunt_megastairs_3, serial_bayou_shore_a
Lair:2:   swamp_mist_pool, grunt_megastairs_1
Lair:3:   guppyfry_snake_entry_garden, kennysheep_basilisk_garden
Lair:4:   portal_ice_cave_entry_imps, lemuel_fruit_fields, serial_bayou_shore_b
Lair:5:   slime_altar_1, ebering_ghost_inner_flame, serial_bayou_pond_b
Lair:6:   due_jungle_book, zaba_antful_of_joy, lemuel_fruit_tree, uniq_rupert
Swamp:1:  evilmike_swamp_ruin_house_2, st_shrine_of_shade, uniq_nikola
Swamp:2:  evilmike_swamp_ruin_wall
Swamp:3:  nicolae_swamp_round_clearing, infiniplex_staircase_pool
Swamp:4:  swamp_pestilence, swamp_pool4
Orc:1:    serial_shops, nicolae_shop_waterfront
Orc:2:    st_orc_pillars, serial_shops, bzr_entry_road, basic_altar
Bazaar:   dpeg_bazaar_wands

Notes
Turn   | Place    | Note
-------+----------+-------------------------------------------
     0 | D:1      | Markonkel the Minotaur Berserker began the quest for the
                  | Orb.
     0 | D:1      | Reached XP level 1. HP: 19/19 MP: 0/0
   246 | D:1      | Reached XP level 2. HP: 19/27 MP: 1/1
  1132 | D:1      | Identified a cursed -2 pair of gloves (You found it on
                  | level 1 of the Dungeon)
  1132 | D:1      | Identified 4 scrolls of remove curse
  1148 | D:2      | Reached skill level 4 in Fighting
  1148 | D:2      | Reached skill level 4 in Axes
  1251 | D:2      | Reached skill level 3 in Armour
  1254 | D:2      | Reached XP level 3. HP: 33/33 MP: 2/2
  1310 | D:2      | Reached ** piety under Trog
  1526 | D:2      | Noticed Natasha
  1535 | D:2      | Killed Natasha
  1535 | D:2      | Reached skill level 3 in Dodging
  1617 | D:2      | Noticed Natasha
  1626 | D:2      | Identified 2 scrolls of teleportation
  1720 | D:2      | Reached XP level 4. HP: 26/41 MP: 3/3
  1789 | D:2      | Killed Natasha
  1924 | D:2      | Noticed Natasha
  1930 | D:2      | Killed Natasha
  2331 | D:2      | Identified a +0 ring mail (You found it on level 2 of the
                  | Dungeon)
  2357 | D:3      | Found an iron altar of Okawaru.
  2364 | D:3      | Reached XP level 5. HP: 47/47 MP: 4/4
  2510 | D:3      | Found an opulent altar of Gozag.
  2515 | D:3      | Found Gozag's Platinum Reserve.
  2653 | D:3      | Noticed a hippogriff
  2821 | D:3      | Killed a hippogriff
  2821 | D:3      | Reached skill level 5 in Fighting
  2821 | D:3      | Reached skill level 5 in Axes
  2821 | D:3      | Reached skill level 4 in Armour
  2821 | D:3      | Reached skill level 4 in Dodging
  2821 | D:3      | Reached XP level 6. HP: 53/56 MP: 5/5
  3186 | D:3      | Identified a +0 pair of gloves (You found it on level 3 of
                  | the Dungeon)
  3196 | D:3      | Identified a +0 scale mail (You took it off an orc on level
                  | 3 of the Dungeon)
  3212 | D:4      | Identified 2 scrolls of blinking
  3213 | D:4      | Identified a scroll of enchant weapon
  3214 | D:4      | Identified a scroll of enchant armour
  3215 | D:4      | Identified a scroll of immolation
  3216 | D:4      | Identified a scroll of magic mapping
  3254 | D:4      | Found a hazy altar of Hepliaklqana.
  3300 | D:4      | Reached *** piety under Trog
  3389 | D:4      | Found a staircase to the Ecumenical Temple.
  3692 | D:4      | Found an ornate altar of the Wu Jian Council.
  3791 | D:4      | Found a deep blue altar of Sif Muna.
  3960 | D:5      | Entered Level 5 of the Dungeon
  4079 | D:5      | Reached XP level 7. HP: 62/62 MP: 6/6
  4082 | D:5      | Reached skill level 5 in Armour
  4411 | D:5      | Reached skill level 6 in Fighting
  4411 | D:5      | Reached skill level 6 in Axes
  4742 | D:5      | Reached skill level 5 in Dodging
  4877 | D:6      | Reached skill level 6 in Armour
  4877 | D:6      | Reached XP level 8. HP: 63/71 MP: 7/7
  4949 | D:6      | Reached **** piety under Trog
  4986 | D:6      | Found a deep blue altar of Sif Muna.
  5008 | D:6      | Reached skill level 7 in Fighting
  5053 | D:6      | Reached skill level 7 in Axes
  5257 | D:6      | Reached skill level 6 in Dodging
  5494 | D:6      | Found a sparkling altar of Nemelex Xobeh.
  5674 | D:6      | Identified a +0 pair of boots (You found it on level 4 of
                  | the Dungeon)
  5735 | D:7      | Reached skill level 7 in Armour
  5924 | D:7      | Noticed a hippogriff
  5935 | D:7      | Killed a hippogriff
  5935 | D:7      | Reached skill level 8 in Fighting
  5935 | D:7      | Reached skill level 8 in Axes
  5935 | D:7      | Reached XP level 9. HP: 81/81 MP: 8/8
  6265 | D:7      | Reached skill level 7 in Dodging
  6706 | D:7      | Identified a +0 pair of gloves (You found it on level 7 of
                  | the Dungeon)
  6707 | D:7      | Identified a ring of protection (You found it on level 7 of
                  | the Dungeon)
  6708 | D:7      | Identified a ring of magical power (You found it on level 7
                  | of the Dungeon)
  6709 | D:7      | Identified 3 scrolls of identify
  6709 | D:7      | Identified 6 potions of curing
  6710 | D:7      | Identified 3 potions of might
  6711 | D:7      | Identified a scroll of fear
  6821 | D:8      | Found a staircase to the Lair.
  6858 | D:8      | Found a glowing golden altar of the Shining One.
  6858 | D:8      | Found a snail-covered altar of Cheibriados.
  6858 | D:8      | Noticed a two-headed ogre
  6860 | D:8      | Noticed a troll
  6867 | D:8      | Killed a two-headed ogre
  6867 | D:8      | Reached skill level 8 in Armour
  6868 | D:8      | Noticed a cyclops
  6874 | D:8      | Killed a troll
  6874 | D:8      | Identified a +0 troll leather armour
  6874 | D:8      | Reached skill level 9 in Fighting
  6874 | D:8      | Reached skill level 9 in Axes
  6882 | D:8      | Killed a cyclops
  6884 | D:8      | Noticed a spiny frog
  6889 | D:8      | Killed a spiny frog
  6889 | D:8      | Reached skill level 8 in Dodging
  7100 | D:8      | Reached XP level 10. HP: 63/91 MP: 9/9
  7363 | D:8      | Found Evampo's Antique Weapon Shop.
  7392 | D:8      | Reached skill level 9 in Armour
  7562 | D:8      | Found a snail-covered altar of Cheibriados.
  7629 | D:8      | Reached ***** piety under Trog
  8436 | D:8      | Identified a +0 plate armour of poison resistance (You took
                  | it off an orc warrior on level 8 of the Dungeon)
  8459 | Lair:1   | Entered Level 1 of the Lair of Beasts
  8483 | Lair:1   | Reached skill level 10 in Fighting
  8483 | Lair:1   | Reached skill level 10 in Axes
  8487 | Lair:1   | Reached skill level 9 in Dodging
  8753 | Lair:1   | Reached skill level 10 in Armour
  9107 | Lair:1   | HP: 23/94 [komodo dragon (13)]
  9108 | Lair:1   | Noticed a spiny frog
  9111 | Lair:1   | HP: 3/94 [komodo dragon (21)]
  9488 | Lair:1   | Killed a spiny frog
  9488 | Lair:1   | Reached XP level 11. HP: 70/101 MP: 10/10
 10560 | Lair:1   | Reached skill level 11 in Fighting
 10566 | Lair:1   | Reached skill level 11 in Axes
 11011 | D:6      | Identified a +1 hand axe of flaming (You took it off an orc
                  | on level 6 of the Dungeon)
 11093 | Lair:1   | Identified a +0 buckler (You found it on level 1 of the
                  | Lair of Beasts)
 11142 | Lair:2   | Reached skill level 1 in Shields
 11151 | Lair:2   | Reached skill level 10 in Dodging
 11309 | Lair:2   | Found a staircase to the Swamp.
 11360 | Lair:2   | Reached skill level 2 in Shields
 11566 | Lair:2   | Noticed a five-headed hydra
 11574 | Lair:2   | Killed a one-headed hydra
 11574 | Lair:2   | Reached skill level 11 in Armour
 11922 | Lair:2   | Reached skill level 3 in Shields
 12212 | Lair:2   | Identified a +1 hand axe
 12535 | Lair:3   | Found a staircase to the Snake Pit.
 12981 | Lair:3   | Reached skill level 4 in Shields
 13444 | Lair:3   | Identified a +0 cloak (You found it on level 3 of the Lair
                  | of Beasts)
 13447 | Lair:3   | Identified a ring of flight (You found it on level 1 of the
                  | Lair of Beasts)
 13558 | Lair:4   | Noticed a death yak
 13559 | Lair:4   | Noticed a death yak
 13560 | Lair:4   | Noticed a death yak
 13611 | Lair:3   | HP: 39/156 [death yak (19)]
 13615 | Lair:3   | Killed a death yak
 14130 | Lair:3   | Reached skill level 12 in Fighting
 14130 | Lair:3   | Reached XP level 12. HP: 65/112 MP: 11/11
 14167 | Lair:3   | Reached skill level 12 in Axes
 14358 | Lair:3   | Killed a death yak
 14360 | Lair:3   | Killed a death yak
 14597 | Lair:4   | Reached skill level 11 in Dodging
 15043 | Lair:4   | Reached skill level 12 in Armour
 15313 | Lair:4   | Received a gift from Trog
 15815 | Lair:4   | Identified a cursed +0 blowgun (You found it on level 4 of
                  | the Lair of Beasts)
 15829 | Lair:4   | Got a scorched war axe
 15830 | Lair:4   | Identified the +4 war axe "Doaxoz" {freeze, rElec rPois rN+
                  | Dex-2, w} (You found it on level 4 of the Lair of Beasts)
 16072 | Lair:5   | Found a staircase to the Slime Pits.
 16073 | Lair:5   | Found a viscous altar of Jiyva.
 16148 | Lair:5   | Found a runed door.
 16150 | Lair:5   | Noticed Yboroja's ghost (journeyman DEEE)
 16150 | Lair:5   | Noticed a four-headed hydra
 16903 | Lair:5   | Reached skill level 13 in Fighting
 16903 | Lair:5   | Reached skill level 13 in Axes
 17458 | Lair:5   | Killed an eight-headed hydra
 17468 | Lair:5   | Killed Yboroja's ghost
 17473 | Lair:5   | Got a pitted diamond amulet
 17478 | Lair:5   | Got a pitted helmet
 17493 | Lair:5   | Identified the amulet of Koiliw Siet {*Corrode +Rage Int+4}
                  | (You found it on level 5 of the Lair of Beasts)
 17496 | Lair:5   | Identified 3 scrolls of random uselessness
 17497 | Lair:5   | Identified 4 potions of flight
 17515 | Lair:6   | Entered Level 6 of the Lair of Beasts
 17523 | Lair:6   | Noticed Rupert
 17537 | Lair:6   | Killed Rupert
 17537 | Lair:6   | Reached skill level 13 in Armour
 17537 | Lair:6   | Reached skill level 12 in Dodging
 17537 | Lair:6   | Reached XP level 13. HP: 122/122 MP: 12/12
 18333 | Lair:6   | Noticed an entropy weaver
 18341 | Lair:6   | Killed an entropy weaver
 18341 | Lair:6   | Noticed an entropy weaver
 18755 | Lair:6   | Killed an entropy weaver
 19476 | Lair:6   | Reached skill level 14 in Fighting
 19480 | Lair:6   | Noticed a dire elephant
 19489 | Lair:6   | Noticed a dire elephant
 19489 | Lair:6   | Noticed a dire elephant
 19505 | Lair:6   | HP: 13/124 [dire elephant (19)]
 19753 | Lair:6   | Noticed a dire elephant
 19799 | Lair:6   | Killed a dire elephant
 19799 | Lair:6   | Reached skill level 14 in Axes
 20039 | Lair:6   | Killed a dire elephant
 20050 | Lair:6   | Killed a dire elephant
 20053 | Lair:6   | HP: 27/124 [dire elephant (14)]
 20054 | Lair:6   | Killed a dire elephant
 20054 | Lair:6   | Reached skill level 13 in Dodging
 20664 | Lair:6   | Identified 3 scrolls of fog
 20665 | Lair:6   | Identified 2 scrolls of amnesia
 20666 | Lair:6   | Identified a scroll of vulnerability
 20669 | Lair:6   | Identified a scroll of noise
 20677 | Lair:6   | Identified an amulet of rage (You found it on level 6 of
                  | the Lair of Beasts)
 20679 | Lair:6   | Identified an amulet of inaccuracy (You found it on level 6
                  | of the Lair of Beasts)
 20685 | Lair:6   | Identified 3 potions of resistance
 20686 | Lair:6   | Identified 3 potions of degeneration
 20749 | Lair:6   | Noticed a dire elephant
 20765 | Lair:6   | Killed a dire elephant
 20765 | Lair:6   | Reached skill level 14 in Armour
 21071 | D:9      | Noticed Grum
 21084 | D:9      | Killed Grum
 21255 | D:9      | Found a staircase to the Orcish Mines.
 21301 | D:9      | Found a shimmering altar of Xom.
 21314 | D:9      | Got a steaming ring mail
 21475 | D:9      | Found a shattered altar of Ashenzari.
 21475 | D:9      | Found a faded altar of an unknown god.
 21480 | D:9      | Found a faded altar of an unknown god.
 21482 | D:9      | Found a basalt altar of Yredelemnul.
 21483 | D:9      | Found a white marble altar of Elyvilon.
 21853 | D:10     | Entered Level 10 of the Dungeon
 22621 | D:11     | Reached XP level 14. HP: 123/133 MP: 13/13
 22947 | D:11     | Found Qaymesk's Jewellery Boutique.
 23218 | D:11     | Received a gift from Trog
 23221 | D:11     | Reached skill level 15 in Fighting
 23277 | D:11     | Identified a +2 shortbow of freezing (Trog gifted it to you
                  | on level 11 of the Dungeon)
 23820 | D:12     | Identified an amulet of regeneration (You found it on level
                  | 10 of the Dungeon)
 23822 | D:12     | Identified a ring of intelligence (You found it on level 10
                  | of the Dungeon)
 23948 | D:12     | Identified a +0 troll leather armour
 24066 | D:12     | Identified a +0 troll leather armour
 24317 | D:12     | Gained mutation: You are weak. (Str -2) [a neqoxec]
 24747 | D:13     | Identified a +0 troll leather armour
 25095 | D:13     | Received a gift from Trog
 25110 | D:13     | Identified a +1 battleaxe of venom (Trog gifted it to you
                  | on level 13 of the Dungeon)
 25232 | D:13     | Reached skill level 15 in Axes
 25347 | D:13     | Identified a +2 shield of protection (You took it off a
                  | tengu warrior on level 13 of the Dungeon)
 25386 | D:14     | Found a runed door.
 25387 | D:14     | Found a runed door.
 25426 | D:14     | Noticed a stone giant
 25426 | D:14     | Noticed a fire giant
 25427 | D:14     | Noticed a lich
 25451 | D:14     | Noticed Zebedee's ghost (journeyman FoVM)
 25626 | D:14     | Reached skill level 16 in Fighting
 25627 | D:14     | Noticed Azrael
 25838 | D:14     | Reached skill level 15 in Armour
 25844 | D:14     | Reached skill level 5 in Shields
 25855 | D:14     | Reached skill level 14 in Dodging
 25925 | D:14     | Found a gate to the Vaults.
 26216 | D:14     | Noticed Kirke
 26227 | D:14     | Killed Kirke
 26427 | D:14     | Killed Azrael
 26783 | D:15     | Entered Level 15 of the Dungeon
 26800 | D:15     | Found a staircase to the Depths.
 26854 | D:15     | Reached skill level 6 in Shields
 26866 | D:15     | Reached XP level 15. HP: 145/145 MP: 14/14
 27337 | D:15     | Reached skill level 17 in Fighting
 27705 | D:15     | Reached skill level 7 in Shields
 27853 | D:15     | Found a runed gate.
 27853 | D:15     | Found a runed gate.
 27853 | D:15     | Found a runed gate.
 27854 | D:15     | Found an iron altar of Okawaru.
 27854 | D:15     | Noticed Lovchig's ghost (journeyman DDFi)
 27897 | D:15     | Received a gift from Trog
 27899 | D:15     | Identified a +1 antimagic hand axe (Trog gifted it to you
                  | on level 15 of the Dungeon)
 28361 | Orc:1    | Entered Level 1 of the Orcish Mines
 28417 | Orc:1    | Found Plog's Gadget Shoppe.
 28790 | Orc:2    | Entered Level 2 of the Orcish Mines
 28790 | Orc:2    | Found a roughly hewn altar of Beogh.
 28796 | Orc:2    | Found a flickering gateway to a bazaar.
 28802 | Bazaar   | Entered a bazaar
 28828 | Bazaar   | Found Nuleih's Gadget Shop.
 28861 | Bazaar   | Found Ykhlutorgh's Gadget Shop.
 28893 | Bazaar   | Found Idikk's Distillery.
 28918 | Bazaar   | Found Cadghixia's Distillery.
 28929 | Bazaar   | Bought a potion of haste for 180 gold pieces
 28929 | Bazaar   | Bought a potion of haste for 180 gold pieces
 28929 | Bazaar   | Bought a potion of haste for 180 gold pieces
 28929 | Bazaar   | Bought a potion of lignification for 54 gold pieces
 28929 | Bazaar   | Bought a potion of haste for 180 gold pieces
 28929 | Bazaar   | Bought a potion of haste for 180 gold pieces
 28957 | Bazaar   | Bought 2 potions of heal wounds for 140 gold pieces
 28957 | Bazaar   | Bought a potion of ambrosia for 112 gold pieces
 28957 | Bazaar   | Bought a potion of brilliance for 56 gold pieces
 28957 | Bazaar   | Bought a potion of heal wounds for 70 gold pieces
 28957 | Bazaar   | Bought a potion of invisibility for 112 gold pieces
 28957 | Bazaar   | Bought a potion of mutation for 112 gold pieces
 28957 | Bazaar   | Identified 2 scrolls of brand weapon
 28958 | Bazaar   | Identified 2 potions of berserk rage
 28959 | Bazaar   | Identified 2 potions of magic
 28960 | Bazaar   | Identified 2 potions of cancellation
 29014 | Orc:2    | Noticed an orc warlord
 29030 | Orc:2    | Killed an orc warlord
 29038 | Orc:2    | HP: 30/147 [orc priest/divine providence (13)]
 29049 | Orc:2    | HP: 33/147 [orc priest/divine providence (9)]
 29054 | Orc:2    | HP: 17/147 [orc priest/divine providence (15)]
 29526 | Orc:2    | HP: 34/147 [orc priest/divine providence (15)]
 29758 | Orc:2    | Found a staircase to the Elven Halls.
 29843 | Orc:2    | Reached skill level 16 in Axes
 30216 | Orc:2    | Found Vilupica's Antique Weapon Shop.
 30219 | Orc:2    | Found Voniq's Gadget Boutique.
 30220 | Orc:2    | Found Bioraal's Distillery.
 30221 | Orc:2    | Found Taerat's Assorted Antiques.
 30455 | Orc:2    | Bought 3 scrolls of enchant armour for 607 gold pieces
 30661 | Swamp:1  | Entered Level 1 of the Swamp
 30721 | Swamp:1  | Reached skill level 8 in Shields
 30917 | Swamp:1  | Identified +0 swamp dragon scales
 30933 | Swamp:1  | Reached skill level 16 in Armour
 31453 | Swamp:1  | Reached skill level 18 in Fighting
 31761 | Swamp:1  | Noticed Nikola
 31780 | Swamp:1  | Reached skill level 15 in Dodging
 31793 | Swamp:1  | Killed Nikola
 31851 | Swamp:1  | Identified a +1 pair of gloves (You took it off Nikola on
                  | level 1 of the Swamp)
 31891 | Swamp:2  | Noticed a thorn hunter
 32753 | Swamp:2  | Reached XP level 16. HP: 142/158 MP: 15/15
 32851 | Swamp:2  | Reached skill level 9 in Shields
 32863 | Swamp:2  | HP: 39/159 [poisoned by a hornet]
 32868 | Swamp:2  | HP: 33/159 [poisoned by a hornet]
 32873 | Swamp:2  | HP: 33/159 [poisoned by a hornet]
 32878 | Swamp:2  | HP: 35/159 [poisoned by a hornet]
 32884 | Swamp:2  | HP: 39/159 [poisoned by a hornet]
 33147 | Swamp:2  | HP: 29/159 [thorn hunter/volley of thorns (14)]
 33424 | Swamp:2  | Identified a ring of evasion (You found it on level 15 of
                  | the Dungeon)
 33505 | Swamp:2  | Killed a thorn hunter
 34247 | Swamp:3  | Paralysed by a hornet for 1 turns
 34291 | Swamp:3  | HP: 29/159 [tyrant leech (21)]
 34294 | Swamp:3  | HP: 14/159 [tyrant leech (17)]
 34640 | Swamp:3  | Identified +0 swamp dragon scales
 34886 | Swamp:3  | Reached skill level 19 in Fighting
 35089 | Swamp:3  | Identified a +2 broad axe of electrocution (You found it on
                  | level 3 of the Swamp)
 35491 | Swamp:4  | Entered Level 4 of the Swamp
 35573 | Swamp:4  | Reached skill level 10 in Shields
 35597 | Swamp:4  | Noticed a thorn hunter
 35613 | Swamp:4  | Killed a thorn hunter
 35971 | Swamp:4  | Noticed a tentacled monstrosity
 35990 | Swamp:4  | Killed a tentacled monstrosity
 35990 | Swamp:4  | Reached skill level 17 in Axes
 35997 | Swamp:4  | Found the +7 longbow "Piercer" {penet, EV-2}
 36158 | Swamp:4  | Received a gift from Trog
 36210 | Swamp:4  | Identified +0 swamp dragon scales
 36286 | Swamp:4  | HP: 56/240 [bog body/bolt of cold (30)]
 36291 | Swamp:4  | HP: 24/240 [bog body (13)]
 37067 | Swamp:4  | Reached skill level 17 in Armour
 37077 | Swamp:4  | Noticed a bone dragon
 37088 | Swamp:4  | HP: 31/161 [bone dragon (12)]
 37089 | Swamp:4  | HP: 2/161 [phantasmal warrior (23)]
 37090 | Swamp:4  | Engulfed by a ghost crab's spectral mist

Table legend:
 A = Turns spent in this place as a percentage of turns spent in the entire game.
 B = Non-inter-level travel turns spent in this place as a percentage of non-inter-level travel turns spent in the entire game.
 C = Inter-level travel turns spent in this place as a percentage of turns spent in this place.
 D = Turns resting spent in this place as a percentage of non-inter-level travel turns spent in this place.
 E = Turns spent auto-exploring this place as a percentage of non-inter-level travel turns spent in this place.
 F = Non-inter-level travel turns spent in this place divided by the number of levels of this place that you've seen.
                   A       B       C       D       E      F
               +-------+-------+-------+-------+-------+----------------------
         Total | 100.0 | 100.0 |   5.5 |  21.5 |  58.4 | 1252.3
       Dungeon |  43.0 |  42.4 |   6.7 |   6.5 |  73.1 | 992.1
          Lair |  33.7 |  33.9 |   5.1 |  31.5 |  50.2 | 1978.5
         Swamp |  17.3 |  18.0 |   2.0 |  36.6 |  41.6 | 1575.8
  Orcish Mines |   5.5 |   5.2 |   9.5 |  28.2 |  51.7 | 916.0
        Bazaar |   0.5 |   0.5 |   0.0 |   0.0 |  38.2 | 178.0
               +-------+-------+-------+-------+-------+----------------------

Table legend:
 A = Kills in this place as a percentage of kills in entire the game.
 B = Kills by you in this place as a percentage of kills by you in the entire game.
 C = Kills by friends in this place as a percentage of kills by friends in the entire game.
 D = Other kills in this place as a percentage of other kills in the entire game.
 E = Experience gained in this place as a percentage of experience gained in the entire game.
 F = Experience gained in this place divided by the number of levels of this place that you have seen.
                   A       B       C       D       E      F
               +-------+-------+-------+-------+-------+----------------------
         Total | 100.0 | 100.0 | 100.0 | 100.0 | 100.0 | 7133.3
       Dungeon |  50.6 |  52.1 |  31.8 |   0.0 |  32.9 | 4385.2
          Lair |  19.4 |  19.5 |  19.7 |   0.0 |  25.9 | 8611.8
         Swamp |  19.8 |  20.0 |  15.2 | 100.0 |  34.7 | 17323.8
  Orcish Mines |  10.2 |   8.5 |  33.3 |   0.0 |   6.5 | 6494.5
               +-------+-------+-------+-------+-------+----------------------

Skill      XL: |  1  2  3  4  5  6  7  8  9 10 11 12 13 14 15 16 |
---------------+-------------------------------------------------+-----
Fighting       | 4 5 6 8 9 10 12 13 14 16 18 19 | 19.4
Axes           | 4 5 6 8 9 10 11 13 14 15 16 17 | 17.1
Armour         | 3 4 6 7 8 10 11 13 14 15 16 17 | 17.0
Dodging        | 3 4 5 6 8 9 10 12 13 14 15 | 15.7
Shields        | 4 6 8 10 | 10.4

Action                   |  1- 3 |  4- 6 |  7- 9 | 10-12 | 13-15 | 16-18 || total
-------------------------+-------+-------+-------+-------+-------+-------++-------
Melee: Hand axe          |    69 |   101 |   228 |   500 |       |       ||   898
       Headbutt          |    11 |    12 |    53 |   153 |   300 |    97 ||   626
       War axe           |       |       |       |    94 |  1425 |   288 ||  1807
       Broad axe         |       |       |       |       |       |   206 ||   206
Throw: Stone             |       |       |       |     2 |       |     5 ||     7
       Tomahawk          |       |       |       |     2 |       |       ||     2
Invok: Berserk           |     3 |     5 |     9 |    22 |    27 |     7 ||    73
       Brothers in Arms  |       |       |     2 |     9 |    11 |     3 ||    25
       Trog's Hand       |       |       |       |     5 |     9 |     2 ||    16
 Abil: Evoke Flight      |       |       |       |       |     2 |     1 ||     3
Evoke: Wand              |       |       |       |       |     1 |     6 ||     7
  Use: Scroll            |     2 |     5 |     3 |     8 |    20 |     3 ||    41
       Potion            |       |       |       |       |     3 |       ||     3
 Stab: Distracted        |       |       |       |       |     1 |       ||     1
  Eat: Chunk             |     5 |     8 |    19 |    29 |    58 |    12 ||   131
       Ration            |       |     1 |       |     8 |     7 |     3 ||    19
Armor: Animal skin       |    16 |     2 |       |       |       |       ||    18
       Ring mail         |       |    18 |       |       |       |       ||    18
       Scale mail        |       |    23 |    97 |    52 |       |       ||   172
       Plate armour      |       |       |       |   296 |   688 |   312 ||  1296
Dodge: Dodged            |    48 |    47 |   128 |   348 |   703 |   275 ||  1549
Block: Buckler           |       |       |       |    65 |   290 |   126 ||   481

Vanquished Creatures
  Rupert (Lair:6)
  A tentacled monstrosity (Swamp:4)
  Kirke (D:14)
  2 thorn hunters
  A very ugly thing (Swamp:3)
  An entropy weaver (Lair:6)
  The ghost of Yboroja the Earth Mage, a journeyman DEEE of Sif Muna (Lair:5)
  Azrael (D:14)
  5 dire elephants (Lair:6)
  8 hydras
  3 ghost crabs (Swamp:3)
  4 vault guards (D:14)
  3 centaur warriors (D:15)
  An anaconda (Lair:6)
  11 alligators
  A tengu warrior (D:13)
  4 two-headed ogres
  A queen ant (Lair:6)
  3 death yaks (Lair:3)
  5 orc high priests (Orc:2)
  2 unseen horrors
  8 swamp dragons
  2 spriggan druids (Swamp:3)
  5 skeletal warriors (D:15)
  A tengu zombie (D:15)
  6 orc knights
  A necromancer (D:15)
  A flayed ghost (D:15)
  5 shambling mangroves
  2 deep elf magi
  2 manticores (D:15)
  2 orc sorcerers (D:14)
  A salamander (shapeshifter) (D:13)
  5 ugly things
  13 elephants
  4 cyclopes
  2 black mambas (Lair:5)
  2 spiny frogs (shapeshifter)
  15 spiny frogs
  A frost giant skeleton (D:15)
  2 gargoyles
  A torpor snail (Lair:6)
  A rime drake (Lair:6)
  3 kobold demonologists
  7 komodo dragons
  A yaktaur skeleton (D:15)
  A freezing wraith (D:15)
  3 swamp worm zombies (Swamp:4)
  2 hydra zombies (Swamp:4)
  2 polar bears (Lair:3)
  A queen bee (D:11)
  9 tyrant leeches
  4 trolls
  17 bog bodies
  14 hornets
  21 slime creatures
  A spriggan zombie (D:15)
  16 hippogriffs
  A spectral swamp dragon (Swamp:4)
  3 alligator zombies (Swamp:4)
  10 blink frogs
  3 spriggans (Swamp:2)
  11 shadows
  27 yaks
  2 hogs (D:14)
  A human (D:14)
  3 wyverns
  3 basilisks (Lair:3)
  7 fire elementals
  Grum (D:9)
  2 wargs
  14 vampire mosquitoes
  20 insubstantial wisps
  An acid dragon (D:11)
  13 swamp worms
  2 nagas (Lair:3)
  17 soldier ants
  A hell hound (D:14)
  6 water moccasins
  10 porcupines
  5 swamp drakes
  3 black bears
  29 orc warriors
  A hornet zombie (D:14)
  A swamp dragon zombie (Swamp:4)
  7 sky beasts
  An eye of draining (D:14)
  2 necrophages
  6 ogres
  3 phantoms
  4 ice beasts
  11 centaurs
  3 wolves (D:9)
  8 crocodiles
  A big kobold (D:9)
  18 bullfrogs
  2 scorpions
  28 killer bees
  6 wights (D:14)
  An electric eel (Lair:5)
  5 howler monkeys
  5 centaur zombies
  9 crimson imps
  A bullfrog zombie (D:7)
  21 orc wizards
  11 hounds
  2 jellies (D:12)
  A quasit (D:12)
  27 orc priests
  A gnoll shaman (D:8)
  5 bullfrog skeletons
  4 iguanas
  5 centaur skeletons
  Natasha (thrice) (D:2)
  23 worker ants
  A hound zombie (D:6)
  5 hound skeletons
  9 gnolls (D:8)
  A worker ant zombie (D:6)
  7 adders
  5 shadow imps
  12 white imps (Lair:4)
  2 oozes
  3 adder skeletons
  2 worms (D:2)
  3 dart slugs
  5 leopard geckos
  85 orcs
  8 bats
  7 giant cockroaches
  7 goblins
  6 hobgoblins
  13 jackals
  3 quokkas
  A ball python (D:3)
  5 frilled lizards
  A jackal zombie (D:7)
  7 kobolds
  A leopard gecko skeleton (D:6)
  2 quokka skeletons
  8 rats
  7 briar patches
  7 fungi
  8 plants
  5 withered plants
901 creatures vanquished.

Vanquished Creatures (collateral kills)
  Nikola (Swamp:1)
  An orc warlord (Orc:2)
  An entropy weaver (Lair:6)
  3 orc knights (Orc:2)
  A spectral hydra (Swamp:4)
  A cyclops (D:8)
  2 elephants (Lair:5)
  A troll (D:8)
  3 blink frogs (Lair:1)
  2 spectral swamp dragons (Swamp:4)
  A human (D:14)
  2 basilisks (Lair:3)
  3 soldier ants (Lair:6)
  2 insubstantial wisps
  7 orc warriors
  3 swamp dragon zombies (Swamp:4)
  A sky beast (D:6)
  A crocodile (Lair:1)
  A gnoll sergeant (D:8)
  A hound (D:8)
  13 orc priests
  A bullfrog skeleton (D:8)
  An orc wizard (D:6)
  A spectral swamp drake (Swamp:4)
  2 worker ants
  4 gnolls (D:8)
  6 orcs
66 creatures vanquished.

Vanquished Creatures (others)
  A spiny frog (Swamp:4)
  A tyrant leech (Swamp:4)
  3 insubstantial wisps (Swamp:4)
  5 briar patches (Swamp:2)
  6 fungi
  7 plants
  5 withered plants (Swamp:1)
28 creatures vanquished.

Grand Total: 995 creatures vanquished
